Unix NetHack Version 5.0.0-0 post-release - last build May 23 2026 06:08:33 (1c0ff79ee797540d5714e4e18072db0edd9e58ae,branch:main).

Game began 2026-05-26 02:59:23, ended 2026-05-26 03:23:29.

Brudee, neutral female human Tourist

                                        ----- ---  ------
                                         .... ..    ....|
                                   ------.- -..------...|
                                   |(((@|.+ ...|(((.|...|
                                   |(md.-i|....|(((.|...|
                                   |((@(|......|..(.-(..|
                        | -------+-------.---------.|...|
                        |.............{...%|....|%%%|..)|#
                        |..................|.._.|%![|)...#)#######
                        |    |  |..........|....|%%%|...|########
                                |.........{|....|...|...|#      #
                        |    ----..........-|----|---...|       #
                        |...............................|       # ---|---+--
                        | -----+-..........-+--|-----...|       ##-........|
                                |..........|  |..|  +...|         |........|
                                |..........|  |..|  |...|         |..<.....|
                                ------------  ----  -----         |........|
                                                                  ----------

Brudee the Excursionist     St:14 Dx:11 Co:15 In:11 Wi:9 Ch:17  Neutral S:2112
Dlvl:7  $:253 HP:0(49) Pw:24(24) AC:4  Xp:6/453 T:2177 

Latest messages:
 The giant mimic hits again!
 What do you want to write with? [- aBEF or ?*] -
 Do you want to add to the current engraving? [ynq] (y) n
 You wipe out the message that was written in the dust here.
 You write in the dust with your fingertip.
 What do you want to write in the dust here? Elbereth
 Something is written here in the dust.
 You read: "Elber4th".
 You see here 5 candles (for sale, 50 zorkmids).
 What do you want to write with? [- aBEF or ?*] -
 Do you want to add to the current engraving? [ynq] (y) y
 You add to the writing in the dust with your fingertip.
 What do you want to add to the writing in the dust here? 
 Never mind.
 What do you want to write with? [- aBEF or ?*] $
 Do you want to add to the current engraving? [ynq] (y) q
 Never mind.
 What do you want to write with? [- aBEF or ?*] -
 Do you want to add to the current engraving? [ynq] (y) n
 You wipe out the message that was written in the dust here.
 You write in the dust with your fingertip.
 What do you want to write in the dust here? Elbereth
 Shaggy picks up a candle.
 Something is written here in the dust.
 You read: "}lbereth".
 You see here 5 candles (for sale, 50 zorkmids).
 What do you want to write with? [- aBEF or ?*] -
 Do you want to add to the current engraving? [ynq] (y) n
 You wipe out the message that was written in the dust here.
 You write in the dust with your fingertip.
 What do you want to write in the dust here? Elbereth
 Something is written here in the dust.
 You read: "Elbereth".
 You see here 5 candles (for sale, 50 zorkmids).
 Are you waiting to get hit?  Use 'm' prefix to force a no-op (to rest).
 Please move the cursor to a monster, object or location.
 (For instructions type a '?')
 (        a useful item (pick-axe, key, lamp...) (a candle (for sale, 20 zorkmids))
 More info about "candle"? [yn] (n) n
 Pick a monster, object or location.
 Are you waiting to get hit?  Use 'm' prefix to force a no-op (to rest).
 You already found a monster.  Use 'm' prefix to force another search.
 Shaggy drops a candle.
 Shaggy picks up a candle.
 The giant mimic hits!
 The giant mimic hits again!
 You die...
 Izchak gratefully inherits all your possessions.
 Do you want to see what you had when you died? [ynq] (y) y
 Do you want to see your attributes? [ynq] (y) q

Inventory:
 Coins    ('$')
  $ - 253 gold pieces
 Weapons  (')')
  a - 9 +2 darts (at the ready)
  F - 12 +0 darts
  E - a +1 knife
  B - the +0 Sting
 Armor    ('[')
  u - a cursed +0 cloak of invisibility
  i - an uncursed +0 Hawaiian shirt with a sea turtle motif (being worn)
  I - an uncursed +0 dwarvish mithril-coat (being worn)
 Comestibles  ('%')
  e - 3 uncursed slime molds
  b - 6 uncursed food rations
  c - 3 uncursed tripe rations
 Scrolls  ('?')
  w - an uncursed scroll of create monster
  l - 2 uncursed scrolls of enchant weapon
  K - an uncursed scroll of food detection
  x - 2 uncursed scrolls of identify
  o - an uncursed scroll of punishment
  v - an uncursed scroll of scare monster
  n - an uncursed scroll of teleportation
 Potions  ('!')
  p - an uncursed potion of gain level
  m - 3 uncursed potions of healing
  r - an uncursed potion of sickness
  s - 3 uncursed potions of water
 Tools    ('(')
  A - an uncursed bag of holding containing 1 item
  M - an empty uncursed oilskin sack
  y - a fire horn (0:8)
  k - an uncursed credit card
  j - an expensive camera (0:92)
  N - an uncursed skeleton key

Contents of the bag of holding:
  2 uncursed worthless pieces of white glass

Brudee the Tourist's attributes:

Background:
 You were an Excursionist, a level 6 female human Tourist.
 You were neutral, on a mission for The Lady
 who was opposed by Blind Io (lawful) and Offler (chaotic).
 You were right-handed.
 You were in the Gnomish Mines, on level 7.
 You entered the dungeon 2177 turns ago.
 It was nighttime.
 You had 453 experience points, 187 more were needed to attain level 7.
 Your score was 2112 before end-of-game adjustments.

Basics:
 You had 0 out of 49 hit points.
 You had all 24 energy points (spell power).
 Your armor class was 4.
 Your wallet contained 253 zorkmids.
 Autopickup was on, but temporarily disabled while inside the shop.

Final Characteristics:
 Your strength was 14 (limit:18/100).
 Your dexterity was 11 (limit:18).
 Your constitution was 15 (limit:18).
 Your intelligence was 11 (limit:18).
 Your wisdom was 9 (limit:18).
 Your charisma was 17 (limit:18).

Final Status:
 You were held by a giant mimic (northwest).
 You weren't hungry.
 You were unencumbered.
 You were bare handed.
 You were unskilled in bare handed combat.

Final Attributes:
 You were piously aligned.
 You were guarded.
 You are dead.

Miscellaneous:
 You didn't encounter any bones levels.
 Total elapsed playing time was 24 minutes and 6 seconds.

Major events:
 Turn
    1: Brudee the neutral female human Tourist entered the dungeon
  805: attained the rank of Sightseer (level 3)
  911: entered the Gnomish Mines
 1420: chose a runed dagger to be named "Sting"
 1673: attained the rank of Excursionist (level 6)
 2077: reached Mine Town
 2177: killed by a giant mimic

You didn't know any spells.

Skills:
 Fighting Skills
   bare handed combat [Unskilled]
   two weapon combat  [Unskilled]
   riding             [Unskilled]
 Weapon Skills
   dagger             [Unskilled]
   knife              [Unskilled]
   axe                [Unskilled]
   pick-axe           [Unskilled]
   short sword        [Unskilled]
   broadsword         [Unskilled]
   long sword         [Unskilled]
   two-handed sword   [Unskilled]
   saber              [Unskilled]
   mace               [Unskilled]
   morning star       [Unskilled]
   flail              [Unskilled]
   hammer             [Unskilled]
   quarterstaff       [Unskilled]
   polearms           [Unskilled]
   spear              [Unskilled]
   trident            [Unskilled]
   lance              [Unskilled]
   bow                [Unskilled]
   sling              [Unskilled]
   crossbow           [Unskilled]
   dart               [Skilled]
   shuriken           [Unskilled]
   boomerang          [Unskilled]
   whip               [Unskilled]
   unicorn horn       [Unskilled]
 Spellcasting Skills
   divination spells  [Unskilled]
   enchantment spells [Unskilled]
   escape spells      [Unskilled]

Voluntary challenges:
 Character rerolling was not enabled.
 You never genocided any monsters.
 You never polymorphed an object.
 You never changed form.
 You used no wishes.
Achievements:
 You entered a shop.
 You attained the rank of Sightseer.
 You entered the Gnomish Mines.
 You attained the rank of Excursionist.
 You entered Minetown.
 You entered a temple.

 The Dungeons of Doom: levels 1 to 5
    Level 1:
       Some fountains.
    Level 2:
       A fountain.
    Level 3:
       A potion shop.
       Stairs down to The Gnomish Mines.
    Level 4:
       A fountain.
    Level 5:
 The Gnomish Mines: levels 4 to 7
    Level 4:
    Level 5:
    Level 6:
    Level 7: <- You were here.
       Many shops, a temple and an altar, some fountains.
       Final resting place for
          you, killed by a giant mimic.


Vanquished creatures:
  a bugbear
  2 Uruk-hai
  4 gnome leaders
  2 gnomish wizards
  a giant ant
  7 dwarves
  a homunculus
  a kobold leader
 an acid blob
  a gas spore
  2 hobbits
  a manes
  a giant rat
  a green mold
 28 gnomes
  a gecko
  a jackal
  a goblin
  4 grid bugs
  3 lichens
  a kobold zombie
  5 newts
70 creatures vanquished.

No species were genocided or became extinct.

Game over:
                       ----------
                      /          \
                     /    REST    \
                    /      IN      \
                   /     PEACE      \
                  /                  \
                  |      Brudee      |
                  |      253 Au      |
                  |   killed by a    |
                  |   giant mimic    |
                  |                  |
                  |                  |
                  |       2026       |
                 *|     *  *  *      | *
        _________)/\\_//(\/(/\)/\//\/|_)_______

Aloha Brudee the Tourist...

You died in The Gnomish Mines on dungeon level 7 with 2112 points,
and 253 pieces of gold, after 2177 moves.
You were level 6 with a maximum of 49 hit points when you died.

